 Dungeon Crawl Stone Soup version 0.31.0-11-ge490571c62 (webtiles) character file.

Game seed: 10913583645249303953

60 Daunt the Trooper (level 4, 0/24 HPs)
             Began as a Vine Stalker Fighter on Jan 28, 2024.
             Slain by an iguana (10 damage)
             ... on level 4 of the Dungeon.
             The game lasted 00:03:58 (679 turns).

Daunt the Trooper (Vine Stalker Fighter)             Turns: 679, Time: 00:03:59

Health: 0/24       AC:  6    Str: 20    XL:     4   Next: 4%
Magic:  0/5        EV:  9    Int:  8    God:
Gold:   136        SH:  4    Dex: 14    Spells: 3/3 levels left

rFire   . . .        a - +0 war axe
rCold   . . .        c - +0 buckler
rNeg    . . .        b - +0 scale mail
rPois   .            (no helmet)
rElec   .            (no cloak)
rCorr   .            (no gloves)
SInv    .            (no boots)
Will    .....        (no amulet) Stlth
                     (no ring)
HPRegen 1.04/turn    (no ring)
MPRegen 0.09/turn

%: guardian spirit
@: no status effects
A: fangs 2, regeneration 1, magic shield, antimagic bite, no potion heal 2
a: no special abilities


You were on level 4 of the Dungeon.
You visited 1 branch of the dungeon, and saw 4 of its levels.

You collected 136 gold pieces.

Inventory:

Hand Weapons
 a - a +0 war axe (weapon)
Missiles
 g - 11 stones (quivered)
 r - 3 boomerangs
Armour
 b - a +0 scale mail (worn)
 c - a +0 buckler (worn)
Jewellery
 k - a ring of fire
Scrolls
 e - a scroll of enchant armour {unknown}
 i - a scroll of silence {unknown}
 j - a scroll of noise {unknown}
 l - a scroll of amnesia {unknown}
 m - a scroll of enchant weapon {unknown}
 n - 2 scrolls of identify {unknown}
 o - a scroll of poison {unknown}
 q - a scroll of revelation {unknown}
Potions
 d - a potion of might
 f - 2 potions of degeneration {unknown}
 h - a potion of brilliance {unknown}
 p - a potion of curing {unknown}


   Skills:
 + Level 3.3 Fighting
 * Level 3.2 Axes
 - Level 2.4 Armour
 - Level 2.6 Shields


You had 3 spell levels left.
You didn't know any spells.
Your spell library was empty.

Dungeon Overview and Level Annotations

Branches:
Dungeon (4/15)
 Temple: D:4-7

Altars:


Innate Abilities, Weirdness & Mutations

You have extremely sharp teeth.
Your natural rate of healing is unusually fast.
When hurt, damage is shared between your health and your magic reserves.
Your bite disrupts and absorbs the magic of your enemies.
Potions cannot restore your health.


Message History

No target in view!
r - 3 boomerangs
Items here: ))) [ †††.
You now have 136 gold pieces (gained 13).
Search for what [? for help]? .
Unknown command.
An iguana comes into view.
The iguana hisses angrily.
An iguana is nearby!
An iguana is nearby!
You hit the iguana. Your bite misses the iguana.
The iguana is lightly wounded.
The iguana barely misses you.
You closely miss the iguana. You bite the iguana, but do no damage.
The iguana is lightly wounded.
The iguana bites you! You block the iguana's attack.
You hit the iguana but do no damage.
The iguana is lightly wounded.
The iguana bites you.
You hit the iguana but do no damage.
The iguana is lightly wounded.
The iguana bites you.
You barely miss the iguana. Your bite misses the iguana.
The iguana is lightly wounded.
The iguana closely misses you. You block the iguana's attack.
You barely miss the iguana. You bite the iguana, but do no damage.
The iguana is lightly wounded.
The iguana bites you!
You are too injured to fight recklessly!
You are too injured to fight recklessly!
You slash the iguana!
The iguana is heavily wounded.
The iguana closely misses you. The iguana barely misses you.
You hit the iguana but do no damage. You bite the iguana, but do no damage.
The iguana is heavily wounded.
The iguana bites you.
You hit the iguana but do no damage.
The iguana is heavily wounded.
The iguana bites you!
You die...

#####.#
#.l...#.#
#@# #.#
#.# #.#
#.#
##.###.#
#.# #.....
#.####..##
#........#
######...#
#...#
#...######


You could see an iguana.

Vanquished Creatures
  An adder (D:4)
  A dart slug (D:1)
  9 orcs (D:4)
  2 endoplasms (D:3)
  A giant cockroach (D:2)
  4 goblins
  3 hobgoblins
  2 quokkas
  5 ball pythons
  5 bats
  3 frilled lizards
  2 kobolds
  A rat (D:3)
39 creatures vanquished.

Notes
Turn   | Place    | Note
-------+----------+-------------------------------------------
     0 | D:1      | Daunt the Vine Stalker Fighter began the quest for the Orb.
     0 | D:1      | Reached XP level 1. HP: 11/11 MP: 2/2
   113 | D:1      | Reached XP level 2. HP: 16/16 MP: 3/3
   175 | D:3      | Noticed a scorpion
   312 | D:3      | Reached XP level 3. HP: 20/20 MP: 4/4
   653 | D:4      | Reached XP level 4. HP: 24/24 MP: 2/5
   679 | D:4      | Slain by an iguana

Illustrated notes

Levels and vault maps discovered:
D:1:      roadster_arrival_rocket_large, layout_loops_ring, serial_park_tiny_1,
          serial_park_tiny_2
D:2:      layout_loops_ring, minmay_misc_feat_chi
D:3:      layout_loops_cross, basic_ecumenical_altar, skrybe_limestone_x,
          hangedman_decor_clover_reticule
D:4:      layout_loops_ring, ebering_ghost_inner_flame, serial_bayou,
          serial_bayou_pond_d, serial_bayou_pond_d, serial_bayou_crossing,
          serial_bayou_shore_b, serial_bayou_pond_a

Skill      XL: |  1  2  3 |
---------------+----------+-----
Axes           | 2 3 |  3.2
Fighting       | 3 |  3.3
Armour         | |  2.4
Shields        | |  2.6

Action                     |  1- 3 |  4- 6 || total
---------------------------+-------+-------++-------
  Melee: War axe           |    81 |    11 ||    92
         Bite              |    12 |     3 ||    15
 Armour: Scale mail        |    64 |     8 ||    72
  Dodge: Dodged            |    31 |     4 ||    35
  Block: Buckler           |    17 |     2 ||    19
